 Dungeon Crawl Stone Soup version 0.28.0 (webtiles) character file.

Game seed: 10562111900442943871

2382 Strat the Cudgeller (level 9, -4/72 HPs)
             Began as a Palentonga Hunter on Feb 17, 2022.
             Was an Initiate of Hepliaklqana.
             Killed from afar by Maggie (20 damage)
             ... with a bolt of fire
             ... on level 8 of the Dungeon.
             The game lasted 00:15:28 (9161 turns).

Strat the Cudgeller (Palentonga Hunter)             Turns: 9161, Time: 00:15:28

Health: -4/72      AC: 17    Str: 20    XL:     9   Next: 22%
Magic:  9/9        EV:  7    Int: 12    God:    Hepliaklqana [......]
Gold:   424        SH:  8    Dex: 10    Spells: 8/8 levels left

rFire   . . .      SeeInvis +   a - +3 flail (drain)
rCold   . . .      Faith    .   g - +0 kite shield
rNeg    . . .      Spirit   .   o - +0 ring mail
rPois   .          Reflect  .   x - +0 helmet
rElec   .          Harm     .   y - +0 cloak
rCorr   .          Rampage  .   j - +0 pair of gloves
Will    .....                   (no barding)
Stlth   +.........              (no amulet)
HPRegen 0.22/turn               (no ring)
MPRegen 0.11/turn               (no ring)

@: invisible, curled up
A: large, rugged brown scales 3, see invisible, deformed body, roll 1, armoured
tail, reflexive curl
a: Rolling Charge, Renounce Religion


You were on level 8 of the Dungeon.
You worshipped Hepliaklqana.
Hepliaklqana was noncommittal.
You visited 2 branches of the dungeon, and saw 9 of its levels.

You collected 424 gold pieces.

Inventory:

Hand Weapons
 a - a +3 flail of draining (weapon)
 b - a +1 hunting sling
Missiles
 d - 93 sling bullets
 p - 171 stones (quivered)
 r - 5 poisoned darts
 t - 6 boomerangs
 C - 2 throwing nets
Armour
 f - a scarf of shadows
 g - a +0 kite shield (worn)
 j - a +0 pair of gloves (worn)
 o - a +0 ring mail (worn)
 x - a +0 helmet (worn)
 y - a +0 cloak (worn)
Wands
 n - a wand of digging (7)
 v - a wand of flame (24)
 D - a wand of mindburst (6)
Scrolls
 h - 2 scrolls of enchant weapon
 m - a scroll of teleportation
 q - a scroll of amnesia {unknown}
 w - a scroll of vulnerability {unknown}
 B - a scroll of torment {unknown}
Potions
 i - a potion of curing
 k - a potion of brilliance
 l - a potion of lignification
 u - 3 potions of cancellation
 z - a potion of mutation
 A - a potion of invisibility


   Skills:
 - Level 5.1 Fighting
 + Level 6.4 Maces & Flails
 - Level 2.9 Slings
 + Level 5.3 Armour
 - Level 1.5 Dodging
 - Level 0.5 Stealth
 + Level 5.3 Shields


You had 8 spell levels left.
You didn't know any spells.
Your spell library contained the following spells:

 Spells                   Type           Power      Damage    Failure   Level
 Animate Skeleton         Necr           0%         N/A       75%         1
 Apportation              Tloc           0%         N/A       75%         1
 Summon Small Mammal      Summ           0%         N/A       75%         1
 Ozocubu's Armour         Ice            0%         N/A       98%         3
 Portal Projectile        Hex/Tloc       0%         N/A       98%         3
 Blade Hands              Tmut           0%         N/A       100%        5
 Excruciating Wounds      Necr           0%         N/A       100%        5
 Metabolic Englaciation   Hex/Ice        0%         N/A       100%        5
 Simulacrum               Ice/Necr       0%         N/A       100%        6


Dungeon Overview and Level Annotations

Branches:
Dungeon (8/15)             Temple (1/1) D:7
   Lair: D:8-11

Altars:
Cheibriados
Dithmenos
Elyvilon
Fedhas
Gozag
Hepliaklqana
Kikubaaqudgha
Makhleb
Nemelex Xobeh
Okawaru
Qazlal
Ru
Sif Muna
Trog
Uskayaw
Vehumet
Wu Jian
Xom
Yredelemnul
Zin
The Shining One

Shops:
D:6 :

Annotations:
D:5 Menkaure
D:8 Maggie


Innate Abilities, Weirdness & Mutations

You are completely covered in rugged brown scales. (AC +3, +7% HP)
You have supernaturally acute eyesight. (SInv)
Armour fits poorly on your strangely shaped body.
You can roll at nearby foes to attack.
You have a long armoured tail.
You curl defensively after being hit. (AC +7*)


Message History

Maggie is heavily wounded.
Maggie casts a spell at you. The bolt of fire misses you.
Maggie barely misses you.
You hit Maggie. You drain Maggie.
Maggie is heavily wounded.
You block Maggie's attack.
You catch the helpless Maggie completely off-guard!
You hit Maggie.
Your tail-slap misses Maggie.
Maggie is severely wounded.
You break out of your daze.
You block Maggie's attack.
You barely miss Maggie.
Maggie is severely wounded.
Maggie closely misses you.
You closely miss Maggie.
Maggie is severely wounded.
You block Maggie's attack.
You hit Maggie but do no damage. You drain Maggie.
Maggie is severely wounded.
Maggie gestures wildly while chanting.
You block Maggie's attack.
You barely miss Maggie.
Maggie is severely wounded.
Maggie mumbles the words to a spell, but in the wrong order.
Maggie barely misses you.
You strike the helpless Maggie from behind!
You hit Maggie. You drain Maggie. You tail-slap Maggie, but do no damage.
Maggie is severely wounded.
Maggie gestures at you while chanting. The bolt of fire hits you!
* * * LOW HITPOINT WARNING * * *
You barely miss Maggie.
Maggie is severely wounded.
Maggie casts a spell at you. The bolt of fire hits you!
* * * LOW HITPOINT WARNING * * *
You feel better.
Maggie points at you and mumbles some strange words.
The bolt of fire hits you!!
You die...

##.....#..... ##
##.............
#.............. #####
#............... .....
#...............######
#................#####
#...............§§§§..
#..><.@.........§§§###
##.).@†........#§F§#
##...)....##..##oo#
#######Z.# .§Zo@
............
..........@.
.#........#<
#........#c ...>......


You could see Maggie (drained) and a centaur zombie (wandering).

Vanquished Creatures
  A water moccasin (D:6)
  A black bear (D:7)
  An orc warrior (D:7)
  A sky beast (D:6)
  6 ogres
  A necrophage (D:3)
  3 centaurs
  A gnoll sergeant (D:7)
  3 bullfrogs
  A howler monkey (D:6)
  A jelly (D:6)
  2 bullfrog zombies
  A centaur zombie (D:4)
  4 hounds
  A gnoll shaman (D:7)
  An orc priest (D:7)
  A bullfrog skeleton (D:7)
  2 iguanas
  6 orc wizards
  Robin (D:4)
  7 adders
  12 gnolls
  2 ufetubi
  An adder zombie (D:5)
  2 worms
  2 dart slugs
  29 orcs
  6 bats
  3 endoplasms (D:1)
  2 giant cockroaches
  18 goblins
  9 hobgoblins
  7 quokkas
  6 ball pythons
  4 frilled lizards
  4 kobolds
  11 rats (D:2)
164 creatures vanquished.

Vanquished Creatures (others)
  A bush (D:4)
  15 plants (D:4)
16 creatures vanquished.

Grand Total: 180 creatures vanquished

Notes
Turn   | Place    | Note
-------+----------+-------------------------------------------
     0 | D:1      | Strat the Palentonga Hunter began the quest for the Orb.
     0 | D:1      | Reached XP level 1. HP: 17/17 MP: 1/1
   260 | D:1      | Reached XP level 2. HP: 24/24 MP: 2/2
   711 | D:1      | You fall into a shaft and drop 1 floor!
   819 | D:2      | Found a faded altar of an unknown god.
   954 | D:2      | Reached XP level 3. HP: 31/31 MP: 3/3
  1976 | D:3      | Reached XP level 4. HP: 40/40 MP: 4/4
  2354 | D:3      | Identified the +1 robe "Wisil" {rPois Will- SInv}
  2678 | D:3      | Reached skill level 5 in Fighting
  2874 | D:4      | Noticed Robin
  2874 | D:4      | Noticed an ogre
  2875 | D:4      | Noticed an ogre
  2922 | D:4      | Reached skill level 1 in Armour
  2922 | D:4      | Reached XP level 5. HP: 17/47 MP: 5/5
  3379 | D:4      | Noticed a necrophage
  3403 | D:3      | Killed a necrophage
  3446 | D:4      | Reached XP level 6. HP: 40/54 MP: 6/6
  4092 | D:4      | Killed Robin
  4806 | D:4      | Gained mutation: You curl defensively after being hit. (AC
                  | +7*) [Palentonga growth]
  4806 | D:4      | Reached XP level 7. HP: 57/58 MP: 7/7
  4851 | D:4      | Found an opulent altar of Gozag.
  4985 | D:4      | Noticed Edmund
  4999 | D:4      | Noticed Edmund
  4999 | D:4      | Edmund changed into Edmund the worm
  5006 | D:4      | Killed Edmund the worm
  5117 | D:4      | Reached skill level 1 in Maces & Flails
  5253 | D:4      | Reached skill level 2 in Maces & Flails
  5253 | D:4      | Reached skill level 5 in Armour
  5396 | D:5      | Entered Level 5 of the Dungeon
  5412 | D:5      | Found an iron altar of Okawaru.
  5412 | D:5      | Found a glowing silver altar of Zin.
  5520 | D:5      | Reached skill level 3 in Maces & Flails
  5668 | D:5      | Reached skill level 4 in Maces & Flails
  5953 | D:5      | Reached XP level 8. HP: 66/66 MP: 8/8
  6019 | D:5      | Reached skill level 5 in Maces & Flails
  6024 | D:5      | Noticed Menkaure
  6515 | D:6      | Found Ciebi's Book Shop.
  6886 | D:6      | Reached skill level 1 in Shields
  7093 | D:6      | Reached skill level 6 in Maces & Flails
  7874 | D:7      | Noticed Pikel
  7890 | D:7      | Noticed Pikel
  7890 | D:7      | Pikel changed into Pikel the hound
  7894 | D:7      | Killed Pikel the hound
  7949 | D:7      | Found a staircase to the Ecumenical Temple.
  7984 | Temple   | Entered the Ecumenical Temple
  8041 | Temple   | Became a worshipper of Hepliaklqana the Forgotten
  8116 | D:7      | Found a sparkling altar of Nemelex Xobeh.
  8208 | D:7      | Found a sacrificial altar of Ru.
  8472 | D:7      | Reached skill level 5 in Shields
  8472 | D:7      | Reached XP level 9. HP: 60/72 MP: 9/9
  8791 | D:8      | Found a shimmering blue altar of Sif Muna.
  8924 | D:8      | Noticed Maggie
  9161 | D:8      | Killed from afar by Maggie

Illustrated notes

Levels and vault maps discovered:
D:1:      mrwooster_arrival_statue_3, layout_loops_corners, serial_bayou_pond_d,
          minmay_tromino_v2
D:2:      layout_rooms, chequers_ecumenical_altar_simple_redux,
          minmay_rat_gold_closets
D:3:      layout_loops_ring, st_stairs_9
D:4:      layout_basic, mainiacjoe_overflow_brackets, serial_forest,
          infiniplex_forest_lined_corner, infiniplex_forest_end_2,
          infiniplex_forest_end_2, infiniplex_forest_clump_double,
          infiniplex_forest_clump_small, infiniplex_forest_lined_4_way,
          infiniplex_forest_lined_2, minmay_unequal, uniq_edmund, uniq_robin
D:5:      layout_loops_ring, mainiacjoe_overflow_catwalk_spiral, uniq_menkaure
D:6:      layout_basic, nicolae_stop_n_shop_1, minivault_1
D:7:      layout_loops_ring, mainiacjoe_overflow_large_starburst,
          minmay_temple_entry_mist, uniq_pikel
D:8:      layout_rooms, mainiacjoe_overflow_alcove_1, minivault_24, st_stairs_5,
          kennysheep_path_1, uniq_maggie, uniq_maurice
Temple:   eino_wide_crystal_templ

Skill      XL: |  1  2  3  4  5  6  7  8 |
---------------+-------------------------+-----
Fighting       | 3 4 5 |  5.1
Armour         | 1 2 4 5 |  5.3
Maces & Flails | 4 6 |  6.4
Shields        | 5 |  5.3
Slings         | |  2.9
Dodging        | |  1.5
Stealth        | |  0.5

Action                   |  1- 3 |  4- 6 |  7- 9 || total
-------------------------+-------+-------+-------++-------
Melee: Short sword       |    95 |       |       ||    95
       Tailslap          |    10 |    13 |    31 ||    54
       Punch             |     1 |       |     1 ||     2
       Mace              |     1 |    20 |       ||    21
       Flail             |       |    82 |   221 ||   303
 Fire: Hunting sling     |    16 |    95 |    55 ||   166
Evoke: Wand              |       |     4 |     5 ||     9
  Use: Scroll            |       |       |    15 ||    15
       Potion            |       |       |     3 ||     3
 Stab: Invisible         |       |       |     2 ||     2
Armor: Leather armour    |    36 |    74 |    30 ||   140
       Ring mail         |       |       |   109 ||   109
Dodge: Dodged            |    43 |    79 |   107 ||   229
Block: Kite shield       |       |       |    68 ||    68
